 Dungeon Crawl Stone Soup version 0.30.1-11-g7821555f0a (webtiles) character file.

Game seed: 11704462095433277313

65 ChrisAssaf the Sneak (level 4, -3/33 HPs)
             Began as a Human Brigand on Dec 11, 2023.
             Slain by an orc
             ... wielding a +0 flail
              (7 damage)
             ... on level 3 of the Dungeon on Dec 12, 2023.
             The game lasted 00:03:09 (649 turns).

ChrisAssaf the Sneak (Human Brigand)                 Turns: 649, Time: 00:03:09

Health: -3/33      AC:  3    Str: 12    XL:     4   Next: 35%
Magic:  4/4        EV: 12    Int: 13    God:
Gold:   25         SH:  0    Dex: 14    Spells: 4/4 levels left

rFire   . . .        a - +2 dagger
rCold   . . .        (no shield)
rNeg    . . .        b - +0 robe
rPois   .            (no helmet)
rElec   .            c - +0 cloak
rCorr   .            (no gloves)
SInv    .            (no boots)
Will    .....        (no amulet)
Stlth   +++          (no ring)
HPRegen 0.25/turn    (no ring)
MPRegen 0.09/turn

%: no passive effects
@: no status effects
A: no striking features
a: no special abilities


You were on level 3 of the Dungeon.
You visited 1 branch of the dungeon, and saw 3 of its levels.

You collected 25 gold pieces.

Inventory:

Hand Weapons
 a - a +2 dagger (weapon)
Missiles
 d - 6 poisoned darts (quivered)
 e - 3 curare-tipped darts
Armour
 b - a +0 robe (worn)
 c - a +0 cloak (worn)
Scrolls
 g - 2 scrolls of fog
Potions
 f - a potion of heal wounds {unknown}
 h - 3 potions of curing {unknown}


   Skills:
 * Level 2.2 Fighting
 * Level 2.2 Short Blades
 * Level 2.4 Throwing
 * Level 0.6 Armour
 * Level 1.4 Dodging
 * Level 4.8 Stealth
 * Level 0.5 Spellcasting


You had 4 spell levels left.
You didn't know any spells.
Your spell library contained the following spells:

 Spells                   Type           Power      Damage    Failure   Level
 Frozen Ramparts          Ice            0%         1d1       65%         3
 Ice Form                 Ice/Tmut       0%         N/A       96%         4
 Manifold Assault         Tloc           0%         N/A       96%         4
 Summon Ice Beast         Ice/Summ       0%         N/A       96%         4
 Dispersal                Tloc           0%         N/A       100%        6
 Disjunction              Tloc           0%         N/A       100%        8


Dungeon Overview and Level Annotations

Branches:
Dungeon (3/15)

Altars:


Message History

The adder is severely wounded.
The adder misses you.
You miss the adder.
The adder is severely wounded.
The adder barely misses you.
You completely miss the adder.
The adder is severely wounded.
The adder closely misses you. The adder bites you.
You are poisoned.
The adder poisons you!
You miss the adder.
The adder is severely wounded.
You feel sick. The adder bites you but does no damage.
You hit the adder.
You kill the adder!
You feel sick.
You hit the orc.
The orc is lightly wounded.
You feel sick. The orc closely misses you.
You barely miss the orc.
The orc is lightly wounded.
The orc misses you.
You hit the orc but do no damage.
The orc is lightly wounded.
You feel sick. The orc hits you with a +0 flail!
You hit the orc but do no damage. You punch the orc.
The orc is heavily wounded.
You feel sick. The orc hits you with a +0 flail.
You closely miss the orc.
The orc is heavily wounded.
You feel sick.
You are no longer poisoned.
You completely miss the orc.
The orc is heavily wounded.
The orc hits you with a +0 flail!
* * * LOW HITPOINT WARNING * * *
You closely miss the orc.
The orc is heavily wounded.
The orc hits you with a +0 flail!
You die...

#. . # .## # #+#
#...#.# #.# .#.#.
#.# ... ##.## #o#
##...## #@#
#..<..# #.#
####...#########.#
...............#.#
...##...###......#
.#.)........##.###
####..........#
#..#########
.......#


You could see an orc.

Vanquished Creatures
  Robin (D:2)
  2 adders
  A dart slug (D:2)
  7 endoplasms
  8 goblins
  7 hobgoblins
  A bat (D:1)
  3 frilled lizards (D:2)
  A rat (D:2)
31 creatures vanquished.

Notes
Turn   | Place    | Note
-------+----------+-------------------------------------------
     0 | D:1      | ChrisAssaf the Human Brigand began the quest for the Orb.
     0 | D:1      | Reached XP level 1. HP: 16/16 MP: 1/1
    54 | D:1      | Reached XP level 2. HP: 21/22 MP: 2/2
   205 | D:2      | Noticed Robin
   210 | D:2      | Reached XP level 3. HP: 16/27 MP: 3/3
   215 | D:2      | Killed Robin
   471 | D:2      | Reached XP level 4. HP: 10/33 MP: 4/4
   649 | D:3      | Slain by an orc

Illustrated notes

Levels and vault maps discovered:
D:1:      spicycebolla_green_bress_n_ham_2, layout_basic, serial_shops, shop,
          minmay_pentomino_x4
D:2:      layout_basic, chequers_mini_garden, uniq_robin
D:3:      layout_loops_corners, minmay_unequal

Action                     |  1- 3 |  4- 6 || total
---------------------------+-------+-------++-------
  Melee: Dagger            |    78 |    24 ||   102
         Punch             |     3 |     1 ||     4
  Throw: Dart              |    24 |     1 ||    25
    Use: Scroll            |     2 |       ||     2
   Stab: Sleeping          |     1 |     2 ||     3
 Armour: Robe              |    13 |     3 ||    16
  Dodge: Dodged            |    44 |    10 ||    54
